Map: Neon Violet Square LE

Players

GangusKaun

  • Race: Protoss Protoss
  • League: Gold
  • Spawn Location: 5:00

batlecruser - Winner!

  • Race: Zerg Zerg
  • League: Gold
  • Spawn Location: 11:00

VOD

Have the link to the VOD?

Description

Time

  • Played on: Dec. 8, 2024, 4:20 p.m.
  • Length: 24:46
Show
View Real Time Build Order
Export as new Build Order

GangusKaun Protoss 

Build Orders: 1 Gate Expand, Oracle Opening 

Get SALT Encoding   

  12  0:00  Probe  
  13  0:17  Pylon  
  13  0:22  Probe  
  14  0:34  Probe  
  15  0:39  Gateway  
  15  0:46  Probe  
  16  0:50  Assimilator  
  16  1:05  Probe  
  17  1:18  Probe  
  18  1:30  Probe  
  19  1:42  Probe  
  19  1:43  Nexus  
  21  1:54  Probe  
  21  1:57  Cybernetics Core  
  21  2:06  Assimilator  
  21  2:08  Pylon  
  21  2:20  Probe  
  22  2:32  Gateway  
  22  2:40  Shield Battery  
  22  2:42  Stargate  
  22  2:59  Pylon  
  22  3:02  Pylon  
  22  3:05  Probe  
  23  3:19  Probe  
  25  3:21  Adept  
  25  3:25  Oracle  
  25  3:26  Gateway  
  29  3:57  Cybernetics Core  
  29  4:02  Gateway  
  29  4:04  Zealot  
  31  4:17  Oracle  
  34  4:25  Zealot  
  34  4:30  Gateway  
  34  4:36  Shield Battery  
  36  4:46  Warp Gate  
  36  4:48  Adept  
  38  5:34  Pylon x2, Probe  
  39  5:36  Shield Battery  
  39  5:50  Nexus  
  39  5:52  Adept x2, Oracle  
  39  5:54  Probe  
  47  6:01  Pylon  
  47  6:37  Zealot x3, Probe  
  54  6:45  Probe  
  54  6:46  Phoenix  
  57  7:04  Phoenix  
  57  7:05  Stalker x2  
  59  7:25  Phoenix  
  59  7:35  Shield Battery  
  52  7:50  Phoenix  
  54  8:03  Stalker x3  
  60  8:10  Pylon, Probe x2  
  60  8:12  Assimilator, Gateway  
  62  8:30  Probe  
  62  8:31  Probe  
  62  8:33  Phoenix  
  66  8:48  Gateway  
  66  8:53  Gateway  
  66  8:56  Shield Battery  
  66  9:02  Assimilator  
  66  9:03  Probe x2  
  68  9:10  Zealot x3  
  68  9:15  Probe x2  
  76  9:23  Forge  
  76  9:27  Probe  
  77  9:39  Twilight Council  
  77  9:47  Protoss Ground Weapons Level 1  
  77  9:59  Pylon  
  77  10:01  Twilight Council  
  77  10:09  Photon Cannon  
  77  10:14  Zealot  
  77  10:15  Zealot x3  
  85  10:28  Templar Archives  
  85  10:31  Photon Cannon  
  85  10:36  Charge  
  85  10:40  Probe x2  
  87  11:06  Probe x2  
  89  11:16  Nexus, Protoss Air Weapons Level 1  
  89  11:20  Probe  
  89  11:24  High Templar x2  
  94  11:32  Pylon  
  94  11:33  Pylon  
  94  11:38  Protoss Shields Level 1  
  94  11:57  Archon  
  94  12:05  Phoenix  
  97  12:15  Probe x2  
  97  12:22  Gateway  
  98  12:24  Photon Cannon  
  98  12:25  Photon Cannon  
  98  12:30  Pylon, Phoenix  
  98  12:33  Pylon  
  98  12:34  Probe x2  
  102  12:37  Assimilator, Pylon  
  102  12:40  Photon Cannon  
  102  12:41  Assimilator  
  102  12:45  High Templar x3  
  102  12:46  High Templar  
  102  12:50  Blink  
  110  12:51  Archon  
  110  12:53  Archon  
  110  13:17  Stargate  
  110  13:23  Fleet Beacon  
  110  13:25  Protoss Air Armor Level 1  
  110  13:29  Pylon  
  110  13:30  Photon Cannon, Probe, Protoss Ground Weapons Level 2  
  110  13:31  Probe  
  112  13:36  Probe  
  113  13:41  Phoenix  
  113  13:43  Probe  
  116  13:55  Psionic Storm  
  116  13:57  Probe x2  
  116  13:58  Robotics Facility, High Templar  
  116  13:59  High Templar  
  122  14:03  Robotics Facility  
  122  14:15  High Templar x2  
  126  14:24  Tempest  
  130  14:32  Tempest  
  134  14:47  Immortal  
  134  14:50  Immortal  
  142  14:59  Stargate  
  142  15:00  Photon Cannon  
  142  15:18  Nexus  
  142  15:22  Pylon  
  142  15:23  Probe x3  
  142  15:24  Pylon  
  145  15:33  High Templar x2  
  149  15:50  Probe  
  149  15:51  Probe x2  
  149  15:52  Warp Prism  
  149  15:55  Immortal  
  158  16:03  Probe  
  159  16:04  Probe x2  
  157  16:28  Shield Battery  
  157  16:29  Shield Battery  
  157  16:32  Shield Battery, Immortal  
  161  16:36  Photon Cannon  
  161  16:39  Photon Cannon  
  161  16:45  Probe x2  
  163  16:50  Tempest x2  
  171  17:08  Assimilator  
  171  17:10  Assimilator  
  171  17:19  Photon Cannon  
  171  17:20  Pylon  
  171  17:21  Photon Cannon  
  171  17:22  Pylon  
  171  17:23  Zealot x2, Photon Cannon  
  171  17:26  High Templar x2  
  179  17:31  Archon  
  179  17:43  Zealot x3  
  179  17:44  Zealot  
  171  18:08  Carrier x2  
  183  18:23  Dark Shrine  
  183  18:31  Photon Cannon  
  183  18:33  Pylon  
  183  18:36  Pylon  
  183  18:54  Photon Cannon  
  172  18:57  Photon Cannon  
  129  19:12  Carrier  
  129  19:17  Zealot x2  
  108  19:18  Zealot  
  65  19:37  Dark Templar x2  
  65  19:38  Dark Templar x3  
  66  19:39  Dark Templar x2  
  66  19:49  Immortal  
  70  20:13  Oracle  
  73  20:23  Oracle  
  76  20:41  High Templar x5  
  76  20:42  High Templar  
  88  20:45  Assimilator  
  88  20:50  Oracle  
  91  21:22  Archon  
  91  21:28  Carrier  
  97  21:33  Zealot x3  
  103  21:56  Nexus  
  103  22:05  Probe x2  
  105  22:33  Pylon  
  105  22:35  Pylon  
  105  22:43  Assimilator, Pylon  
  105  22:45  Probe x2  
  105  22:46  Pylon, Probe  
  108  23:17  Zealot x2  
  108  23:18  Zealot x4  
  120  23:28  Archon x2  
  100  23:41  Stalker x3  
  83  23:42  Stalker x2  
  85  23:52  Stalker  
  71  23:55  Phoenix  
  71  24:01  Shield Battery  
  65  24:04  Shield Battery  
  53  24:11  Stalker x2  
  53  24:12  Phoenix  
Show
View Real Time Build Order
Export as new Build Order

batlecruser Zerg - Winner!

Build Orders: Pool First 

Get SALT Encoding   

  12  0:00  Drone  
  13  0:17  Drone  
  14  0:30  Spawning Pool  
  14  0:32  Drone  
  14  0:59  Overlord  
  14  1:11  Extractor  
  13  1:14  Extractor  
  12  1:20  Hatchery  
  12  1:25  Zergling x6  
  14  1:34  Spine Crawler  
  14  1:36  Zergling x2  
  14  1:58  Drone x2  
  16  2:09  Spore Crawler  
  15  2:17  Queen  
  17  2:23  Zergling x2  
  18  2:34  Zergling x2  
  18  2:35  Zergling x2  
  20  2:47  Drone  
  21  2:55  Zergling x2  
  22  3:13  Drone x3  
  25  3:34  Lair  
  25  3:49  Drone x3  
  28  4:02  Overlord x2  
  29  4:24  Drone x4  
  29  4:25  Drone  
  29  4:30  Spore Crawler  
  32  4:51  Spire  
  31  4:54  Spore Crawler  
  31  4:56  Queen  
  32  5:17  Hatchery  
  31  5:26  Spine Crawler  
  30  5:29  Extractor  
  30  5:33  Metabolic Boost  
  29  5:55  Drone x5  
  29  5:56  Drone  
  35  6:03  Mutalisk  
  37  6:14  Mutalisk x2  
  37  6:17  Drone  
  42  6:30  Mutalisk x2  
  46  6:56  Mutalisk  
  45  7:29  Mutalisk x2  
  47  7:43  Zergling x2  
  47  7:44  Zergling x6  
  46  8:07  Drone  
  46  8:08  Drone x3  
  46  8:09  Hydralisk Den  
  46  8:11  Overlord x5  
  46  8:12  Overlord  
  49  8:42  Hydralisk x2  
  49  8:43  Hydralisk x6  
  65  8:48  Evolution Chamber  
  64  9:02  Extractor  
  63  9:23  Hydralisk x4  
  71  9:33  Zerg Ground Armor Level 1  
  71  9:36  Drone  
  71  9:37  Drone x3  
  71  9:38  Drone  
  76  9:50  Grooved Spines  
  76  9:52  Spore Crawler  
  75  10:00  Drone  
  75  10:01  Drone x3  
  75  10:05  Overlord  
  79  10:14  Zerg Flyer Weapons Level 1  
  79  10:18  Spine Crawler  
  79  10:21  Spore Crawler  
  77  10:24  Spine Crawler  
  76  10:29  Drone x3  
  79  10:36  Extractor  
  79  10:38  Extractor  
  79  10:40  Muscular Augments  
  77  10:55  Hatchery  
  76  11:10  Mutalisk x5  
  86  11:19  Drone x5  
  86  11:20  Drone  
  92  11:38  Mutalisk x2  
  96  11:52  Mutalisk x2  
  98  12:06  Zerg Missile Weapons Level 1  
  98  12:44  Drone  
  98  12:45  Hydralisk x5, Drone x3  
  112  13:01  Spore Crawler  
  112  13:02  Drone  
  112  13:09  Hatchery  
  111  13:18  Drone  
  111  13:19  Overlord x3  
  112  13:20  Overlord  
  112  13:21  Overlord x4  
  112  13:24  Zerg Flyer Weapons Level 2  
  112  13:30  Infestation Pit  
  111  13:52  Drone x2  
  111  13:53  Drone x5  
  118  14:14  Hive  
  118  14:37  Drone x2  
  120  14:39  Mutalisk x5  
  120  14:40  Mutalisk x4  
  138  14:59  Extractor  
  137  15:03  Extractor  
  136  15:11  Zerg Ground Armor Level 2  
  136  15:17  Spore Crawler  
  136  15:20  Spine Crawler  
  134  15:22  Spore Crawler  
  134  15:23  Drone x3  
  134  15:26  Hydralisk x4  
  134  15:27  Hydralisk x5  
  154  16:00  Drone x3  
  153  16:34  Ultralisk Cavern  
  153  16:35  Adrenal Glands  
  153  16:37  Zergling x8  
  153  16:38  Zergling x12  
  153  16:39  Zergling x10  
  167  16:43  Extractor  
  167  16:45  Extractor  
  171  17:23  Ultralisk x2  
  171  17:25  Overlord x6  
  171  17:26  Overlord x2  
  171  17:27  Zerg Melee Weapons Level 1  
  177  17:42  Spore Crawler  
  185  18:12  Ultralisk  
  185  18:13  Ultralisk x3  
  180  19:03  Hydralisk x2  
  180  19:04  Hydralisk x6  
  180  19:05  Hydralisk x2  
  143  19:18  Hydralisk x2  
  143  19:19  Hydralisk  
  145  19:32  Mutalisk  
  145  19:33  Mutalisk  
  141  19:55  Ultralisk  
  141  19:56  Zergling x8  
  141  19:57  Zergling x2  
  68  20:21  Overseer  
  68  20:22  Overseer  
  68  20:24  Overseer  
  61  20:35  Mutalisk x2  
  61  20:36  Mutalisk  
  61  20:37  Mutalisk x2  
  61  20:38  Zergling x2  
  61  20:39  Zergling x2  
  73  20:44  Spine Crawler  
  72  21:16  Mutalisk x4  
  72  21:17  Hydralisk x3  
  86  21:33  Hydralisk  
  86  21:34  Hydralisk x3  
  94  21:44  Mutalisk x2  
  94  21:45  Mutalisk  
  100  21:49  Mutalisk  
  102  21:56  Hydralisk x2  
  106  22:12  Spore Crawler  
  106  22:15  Spine Crawler  
  104  22:25  Zergling x4  
  104  22:26  Zergling x8  
  110  22:49  Mutalisk x3  
  110  22:50  Mutalisk x5  
  110  22:51  Mutalisk  
  128  23:08  Hydralisk x3  
  128  23:09  Hydralisk x2  
  138  23:17  Mutalisk  
  138  23:18  Mutalisk x6  
  140  23:35  Hydralisk  
  140  23:36  Hydralisk x4  
  91  24:03  Hydralisk  
  91  24:04  Hydralisk x3  
  95  24:12  Hydralisk x5  
  105  24:23  Zergling x6  
  105  24:24  Zergling x4  
Tags
 
Add a new tag
Caveats
  • Supply blocks, unpowered buildings, or Contaminate may cause inaccurate times.
  • Supply counts are checked every 10 seconds.